 Dungeon Crawl Stone Soup version 0.26-a0-667-g92642533e4 (webtiles) character file.

Game seed: 7866653741166618881

11637 polo the Dancer (level 11, -17/133 HPs)
             Began as a Demonspawn Fighter on Oct 16, 2020.
             Was the Champion of Uskayaw.
             Hit by a large rock thrown by a cyclops (35 damage)
             ... on level 12 of the Dungeon.
             The game lasted 00:16:35 (11000 turns).

polo the Dancer (Demonspawn Fighter)               Turns: 11000, Time: 00:16:35

Health: -17/133    AC: 12    Str: 26    XL:     11   Next: 51%
Magic:  0/20       EV:  5    Int: 10    God:    Uskayaw [******]
Gold:   776        SH:  9    Dex: 12    Spells: 10/10 levels left

rFire    . . .     SeeInvis .   a - +2 war axe (elec)
rCold    . . .     Faith    .   c - +0 kite shield
rNeg     . . .     Spirit   +   u - +0 chain mail
rPois    .         Reflect  .   (no helmet)
rElec    .         Harm     .   g - +1 cloak
rCorr    +         Rampage  .   v - +0 pair of gloves
MR       .....                  (no boots)
Stlth    ..........             D - amulet of regeneration
HPRegen  2.72/turn              N - ring of resist corrosion
MPRegen  0.34/turn              s - +6 ring of strength

@: berserking, very quick
A: talons 2, powered by death 2, magic shield, magic regeneration
a: Stomp, Line Pass, Grand Finale, Renounce Religion


You were on level 12 of the Dungeon.
You worshipped Uskayaw.
Uskayaw was pleased with you.
You visited 2 branches of the dungeon, and saw 13 of its levels.

You collected 776 gold pieces.

Inventory:

Hand Weapons
 a - a +2 war axe of electrocution (weapon)
 b - a +2 vorpal flail
Missiles
 p - 8 atropa-tipped darts
 A - 9 javelins (quivered)
 O - 7 curare-tipped darts
Armour
 c - a +0 kite shield (worn)
 g - a +1 cloak (worn)
 u - a +0 chain mail (worn)
 v - a +0 pair of gloves (worn)
Jewellery
 k - an uncursed ring of positive energy
 s - a +6 ring of strength (right hand)
 D - an amulet of regeneration (around neck)
 N - a ring of resist corrosion (left hand)
Wands
 q - a wand of iceblast (15)
 z - a wand of acid (48)
 C - a wand of paralysis (23)
 F - a wand of enslavement (22)
 G - a wand of flame (2)
 H - a wand of polymorph (5)
 K - a wand of disintegration (7)
Scrolls
 e - a scroll of fog {unknown}
 i - a scroll of enchant armour {unknown}
 l - 2 scrolls of fear {unknown}
 n - 6 scrolls of amnesia {unknown}
 r - 9 scrolls of remove curse
 B - 8 scrolls of teleportation
Potions
 d - 2 potions of cancellation
 f - 2 potions of stabbing
 h - 5 potions of lignification
 j - 3 potions of curing {unknown}
 o - 8 potions of heal wounds
 t - 2 potions of brilliance {unknown}
 w - a potion of berserk rage
 x - 4 potions of mutation
 E - 2 potions of resistance
 I - 3 potions of magic {unknown}
 J - a potion of might
Miscellaneous
 M - a box of beasts (2/3)


   Skills:
 + Level 9.5 Fighting
 * Level 11.7 Axes
 - Level 2.6 Armour
 - Level 2.6 Shields
 * Level 12.4 Invocations


You had 10 spell levels left.
You didn't know any spells.
Your spell library contained the following spells:

 Spells                   Type           Power        Failure   Level
 Sandblast                Erth           #.....       100%        1
 Shock                    Conj/Air       #...         100%        1
 Passwall                 Tmut/Erth      #.......     100%        2
 Swiftness                Air            #.......     100%        2
 Confusing Touch          Hex            #.......     100%        3
 Gell's Gravitas          Tloc           #.........   100%        3
 Static Discharge         Conj/Air       #.......     100%        3
 Stone Arrow              Conj/Erth      #.....       100%        3
 Airstrike                Air            #.........   100%        4
 Petrify                  Tmut/Erth      #.......     100%        4
 Lee's Rapid Deconstruct  Erth           #.........   100%        5
 Lightning Bolt           Conj/Air       #.........   100%        5
 Metabolic Englaciation   Hex/Ice        #.........   100%        5
 Yara's Violent Unravell  Hex/Tmut       #.........   100%        5


Dungeon Overview and Level Annotations

Branches:
Dungeon (12/15)            Temple (1/1) D:6            Lair (0/6) D:11
    Orc (0/2) D:11

Altars:
Ashenzari
Cheibriados
Dithmenos
Elyvilon
Fedhas
Gozag
Hepliaklqana
Kikubaaqudgha
Makhleb
Nemelex Xobeh
Okawaru
Qazlal
Ru
Sif Muna
Trog
Uskayaw
Vehumet
Wu Jian
Xom
Yredelemnul
Zin
The Shining One
Beogh

Shops:
D:5 [

Annotations:
D:5 2 transporters, polo's ghost, amateur DsFi
D:7 2 transporters, jasper's ghost, novice PaFi
D:10 exclusion: 2 oklob saplings


Innate Abilities, Weirdness & Mutations

You have razor-sharp toenails.
You regenerate health from kills.
When hurt, damage is shared between your health and your magic reserves.
You regenerate magic rapidly.


Message History

You slash the vampire mosquito!
The vampire mosquito is heavily damaged.
You barely miss the orc priest.
You block the vampire mosquito's attack.
You hit the orc priest.
Lightning courses through the orc priest!
The orc priest is almost dead.
You miss the vampire mosquito. The vampire mosquito bites you.
* * * LOW HITPOINT WARNING * * *
The vampire mosquito draws strength from your injuries!
The orc priest hits you with a cursed -1 hand axe.
* * * LOW HITPOINT WARNING * * *
You slash the orc priest!
You kill the orc priest!
You barely miss the vampire mosquito. The vampire mosquito bites you.
* * * LOW HITPOINT WARNING * * *
The vampire mosquito draws strength from your injuries!
The vampire mosquito barely misses you.
The cyclops throws a large rock.
The large rock hits you!!!
You die...

######.#.. .
#..<...#.. . .
#.######.# .#.# #.#
.##.... #.#
####.#.....
####.###..ooo....#
#..).$...##yo.....
###.##.)...†@)Y....#
#....))##..###C#..##
......#)##......o..
##.#....##.######...
# #.....^.# ###
#..###### #(. #.. ..


You could see a cyclops, a vampire mosquito, an ice beast, an orc priest and 3
orcs.

Vanquished Creatures
  2 two-headed ogres
  An orc knight (D:11)
  Psyche (D:8)
  Joseph (D:10)
  A centaur skeleton (D:10)
  Maggie (D:6)
  2 trolls
  3 hornets
  Eustachio (D:4)
  3 yaks (D:9)
  A steam dragon (D:10)
  A wraith (D:12)
  3 vampire mosquitoes (D:12)
  4 ogres
  Edmund (D:4)
  Menkaure (D:5)
  2 water moccasins
  9 orc warriors
  4 phantoms
  3 sky beasts
  A black bear (D:9)
  2 wolves (D:11)
  4 centaurs
  Blork the orc (D:5)
  4 bullfrogs
  A wyvern zombie (D:12)
  2 scorpions
  13 killer bees
  2 vampire bats (D:9)
  5 electric eels (D:11)
  A bullfrog zombie (D:9)
  A quasit (D:8)
  2 centaur zombies (D:8)
  A gnoll shaman (D:6)
  12 orc priests
  11 hounds
  7 jellies
  Crazy Yiuf (D:3)
  16 orc wizards
  3 bullfrog skeletons
  Natasha (thrice) (D:3)
  An iguana (D:9)
  7 worker ants
  A killer bee zombie (D:10)
  A hound zombie (D:9)
  2 hound skeletons
  9 gnolls
  11 adders
  3 shadow imps
  2 white imps (D:9)
  3 ufetubi
  11 oozes
  2 worms (D:2)
  A dart slug (D:1)
  5 leopard geckos
  50 orcs
  8 ball pythons
  10 bats
  4 bat skeletons (D:9)
  A bat zombie (D:9)
  3 giant cockroaches
  5 goblins
  11 hobgoblins
  6 jackals
  17 kobolds
  6 quokkas
  5 frilled lizards
  3 rats
326 creatures vanquished.

Vanquished Creatures (collateral kills)
  2 big kobolds (D:6)
  An orc wizard (D:6)
  A gnoll (D:6)
  2 hobgoblins (D:6)
6 creatures vanquished.

Vanquished Creatures (others)
  A quokka (D:5)
  5 fungi (D:4)
  6 plants (D:10)
  7 toadstools (D:4)
19 creatures vanquished.

Grand Total: 351 creatures vanquished

Notes
Turn   | Place    | Note
-------+----------+-------------------------------------------
     0 | D:1      | polo the Demonspawn Fighter began the quest for the Orb.
     0 | D:1      | Reached XP level 1. HP: 18/18 MP: 1/1
   159 | D:1      | Gained mutation: When hurt, damage is shared between your
                  | health and your magic reserves. [demonic ancestry]
   159 | D:1      | Reached XP level 2. HP: 6/24 MP: 2/2
   727 | D:1      | Found a glowing golden altar of the Shining One.
   947 | D:2      | Gained mutation: You regenerate a little health from kills.
                  | [demonic ancestry]
   947 | D:2      | Reached XP level 3. HP: 29/29 MP: 3/3
  1305 | D:2      | You fall into a shaft and drop 2 floors!
  1994 | D:3      | Noticed a sky beast
  2008 | D:3      | Killed a sky beast
  2008 | D:3      | Reached XP level 4. HP: 9/37 MP: 1/4
  2008 | D:3      | Reached XP level 5. HP: 10/42 MP: 1/5
  2512 | D:3      | Found a runed translucent door.
  2513 | D:3      | Noticed Crazy Yiuf
  2579 | D:3      | Noticed Natasha
  2588 | D:3      | Killed Natasha
  2738 | D:3      | Noticed Natasha
  2764 | D:3      | Killed Natasha
  2767 | D:3      | Noticed Natasha
  2783 | D:3      | Killed Natasha
  2783 | D:3      | Gained mutation: You have sharp toenails. [demonic
                  | ancestry]
  2783 | D:3      | Reached XP level 6. HP: 15/49 MP: 2/6
  3264 | D:3      | Killed Crazy Yiuf
  3264 | D:3      | Reached skill level 5 in Axes
  3710 | D:4      | Reached skill level 5 in Fighting
  3826 | D:4      | Found a burning altar of Makhleb.
  3831 | D:4      | Reached XP level 7. HP: 51/56 MP: 7/7
  3894 | D:4      | Noticed Eustachio
  3899 | D:4      | Noticed Edmund
  3950 | D:4      | Killed Edmund
  3954 | D:4      | Killed Eustachio
  4542 | D:5      | Entered Level 5 of the Dungeon
  4570 | D:5      | Noticed Blork the orc
  4591 | D:5      | Killed Blork the orc
  4591 | D:5      | Gained mutation: You have razor-sharp toenails. [demonic
                  | ancestry]
  4591 | D:5      | Reached XP level 8. HP: 51/64 MP: 8/8
  4596 | D:5      | Found a white marble altar of Elyvilon.
  4708 | D:5      | Found Abbips's Armour Shop.
  4741 | D:5      | Noticed Menkaure
  4768 | D:5      | Killed Menkaure
  4885 | D:5      | Noticed polo's ghost (amateur DsFi)
  4886 | D:5      | Found a transporter.
  4922 | D:5      | Found a transporter.
  5191 | D:6      | Found a staircase to the Ecumenical Temple.
  5204 | Temple   | Entered the Ecumenical Temple
  5293 | Temple   | Became a worshipper of Uskayaw the Reveler
  5339 | D:6      | Reached * piety under Uskayaw
  5341 | D:6      | Reached ** piety under Uskayaw
  5405 | D:6      | Reached skill level 1 in Invocations
  5536 | D:6      | Reached *** piety under Uskayaw
  5576 | D:6      | Found a stormy altar of Qazlal.
  5577 | D:6      | Noticed an air elemental
  5637 | D:6      | Noticed Maggie
  5658 | D:6      | Killed Maggie
  5658 | D:6      | Reached skill level 3 in Invocations
  5864 | D:6      | Reached skill level 4 in Invocations
  5879 | D:6      | Reached **** piety under Uskayaw
  5893 | D:6      | Reached ***** piety under Uskayaw
  5894 | D:6      | Gained mutation: You regenerate health from kills. [demonic
                  | ancestry]
  5894 | D:6      | Reached XP level 9. HP: 66/72 MP: 10/12
  5901 | D:6      | Reached skill level 5 in Invocations
  6185 | D:7      | Noticed jasper's ghost (novice PaFi)
  6186 | D:7      | Found a transporter.
  6186 | D:7      | Identified the +7 whip "Noicha Ifups" {vorpal, rN+ Str+3
                  | Dex+2}
  6194 | D:7      | Found a bloodstained altar of Trog.
  6200 | D:7      | Found a transporter.
  6531 | D:7      | Reached skill level 6 in Invocations
  6611 | D:7      | Noticed a moth of wrath
  7106 | D:8      | Noticed a two-headed ogre
  7116 | D:8      | Killed a two-headed ogre
  7116 | D:8      | Reached skill level 8 in Invocations
  7534 | D:8      | Noticed Psyche
  7539 | D:8      | Killed Psyche
  7539 | D:8      | Gained mutation: You regenerate magic rapidly. [demonic
                  | ancestry]
  7539 | D:8      | Reached XP level 10. HP: 48/80 MP: 10/16
  7709 | D:8      | Reached skill level 10 in Axes
  7983 | D:9      | Reached skill level 9 in Invocations
  8009 | D:9      | Found an ancient bone altar of Kikubaaqudgha.
  8272 | D:9      | Noticed a two-headed ogre
  8282 | D:9      | Killed a two-headed ogre
  8466 | D:9      | Reached skill level 10 in Invocations
  8940 | D:10     | Entered Level 10 of the Dungeon
  9008 | D:10     | Noticed Joseph
  9013 | D:10     | Killed Joseph
  9191 | D:10     | Found a blossoming altar of Fedhas.
  9300 | D:10     | Reached skill level 11 in Invocations
  9418 | D:10     | Paralysed by a hornet for 1 turns
  9421 | D:10     | Reached XP level 11. HP: 65/89 MP: 15/19
  9428 | D:10     | Paralysed by a hornet for 2 turns
  9434 | D:10     | Paralysed by a hornet for 3 turns
 10126 | D:11     | Found a staircase to the Lair.
 10563 | D:11     | Paralysed by a hornet for 2 turns
 10659 | D:11     | Noticed an orc knight
 10661 | D:11     | Found a roughly hewn altar of Beogh.
 10663 | D:11     | Found a staircase to the Orcish Mines.
 10680 | D:11     | Killed an orc knight
 10687 | D:11     | Reached skill level 12 in Invocations
 10695 | D:11     | Reached ****** piety under Uskayaw
 11000 | D:12     | Hit by a large rock thrown by a cyclops

Illustrated notes

Levels and vault maps discovered:
D:1:      dpeg_arrival_simpleton_c, layout_loops_ring, minmay_misc_feat_encased,
          tso_metal_star
D:2:      layout_loops_ring
D:3:      layout_loops_ring, uniq_natasha, uniq_crazy_yiuf_cottage
D:4:      cheibrodos_fertilizer, layout_loops_ring, makhleb_blood_cavern_becter,
          uniq_eustachio, uniq_edmund
D:5:      layout_rooms, gammafunk_ghost_mausoleum, serial_shops,
          nicolae_shop_statue_plus, elyvilon_altar_4, uniq_menkaure,
          uniq_blork_the_orc
D:6:      kennysheep_housing_project, layout_rooms, minmay_temple_entry_waves,
          nicolae_qazlal_style_of_elements, uniq_maggie
D:7:      layout_basic, gammafunk_ghost_wrathful_warriors
D:8:      layout_basic, uniq_psyche
D:9:      layout_cave_pods, kennysheep_vampire_church, wad_dig_loot
D:10:     layout_basic, introduction_to_nature_2, uniq_joseph
D:11:     layout_roguey, erik_lair_island, david_orc_5, serial_rivers,
          chequers_serial_rivers_room_b, chequers_serial_rivers_room_a,
          chequers_serial_rivers_micro_c, chequers_serial_rivers_marsh,
          chequers_serial_rivers_room_a, chequers_serial_rivers_micro_c
D:12:     layout_loops_cross, gauntlet_entry_generic, serial_shops, shop
Temple:   dpeg_three_leaves_temple

Skill      XL: |  1  2  3  4  5  6  7  8  9 10 11 |
---------------+----------------------------------+-----
Axes           | 2 4 5 7 8 9 11 | 11.7
Fighting       | 4 5 6 7 8 9 |  9.5
Invocations    | 4 8 11 12 | 12.4
Armour         | |  2.6
Shields        | |  2.6

Action                   |  1- 3 |  4- 6 |  7- 9 | 10-12 || total
-------------------------+-------+-------+-------+-------++-------
Melee: War axe           |   136 |    17 |    52 |   337 ||   542
       Hand axe          |       |   120 |   248 |       ||   368
       Kick              |       |    22 |    94 |    98 ||   214
Throw: Dart              |       |     4 |     5 |       ||     9
       Javelin           |       |     3 |     2 |       ||     5
Invok: Stomp             |       |       |     4 |     4 ||     8
       Line Pass         |       |       |     1 |       ||     1
Evoke: Wand              |       |       |    11 |    10 ||    21
       Box of beasts     |       |       |       |     2 ||     2
  Use: Potion            |       |     2 |     1 |     1 ||     4
       Scroll            |       |       |     5 |     6 ||    11
 Stab: Invisible         |       |       |     2 |       ||     2
       Paralysed         |       |       |    13 |    20 ||    33
       Confused          |       |       |     1 |       ||     1
       Betrayed ally     |       |       |     1 |       ||     1
       Distracted        |       |       |       |     1 ||     1
Armor: Scale mail        |    64 |    56 |    47 |       ||   167
       Chain mail        |       |       |   103 |   167 ||   270
       Skin              |       |       |     3 |       ||     3
Dodge: Dodged            |    31 |    52 |    75 |    75 ||   233
Block: Kite shield       |    60 |    53 |   132 |   174 ||   419

Table legend: (Time is in decaauts)
 A = Elapsed time spent in this place.
 B = Non-inter-level travel time spent in this place.
 C = Inter-level travel time spent in this place.
 D = Time resting spent in this place.
 E = Time spent auto-exploring this place.
 F = Levels seen in this place.
 G = Mean time per level.
                   A        B        C        D        E       F      G
               +--------+--------+--------+--------+--------+-----+--------+
         Total |  11168 |  10660 |    508 |    283 |   8356 |  13 |  859.1 |
       Dungeon |  11068 |  10594 |    474 |    283 |   8291 |  12 |  922.3 |
        Temple |     99 |     66 |     33 |      0 |     65 |   1 |   99.0 |
               +--------+--------+--------+--------+--------+-----+--------+

Top non-repeatable levels by time:
     D:3: 1459 daAuts
    D:10: 1202 daAuts
     D:4: 1189 daAuts
     D:2: 1134 daAuts
     D:8: 983 daAuts
     D:9: 979 daAuts
     D:6: 886 daAuts
     D:1: 871 daAuts
    D:11: 846 daAuts
     D:7: 817 daAuts
     D:5: 641 daAuts
  Temple: 99 daAuts
    D:12: 57 daAuts
